 Dungeon Crawl Stone Soup version 0.29.1-2-gbd0b4ee654 (webtiles) character file.

Game seed: 18396712005763037345

3666 LustLizard the Thaumaturge (level 10, -1/60 HPs)
             Began as a Djinni Ice Elementalist on Nov 23, 2022.
             Was an Initiate of Ashenzari.
             Killed from afar by an acid dragon (27 damage)
             ... with a splash of acid
             ... on level 8 of the Dungeon.
             The game lasted 00:23:03 (9236 turns).

LustLizard the Thaumaturge (DjIE)                   Turns: 9236, Time: 00:23:04

Health: -1/60      AC: 20    Str:  7    XL:     10   Next: 34%
Gold:   175        EV: 11    Int: 30    God:    Ashenzari [......] SH:  7 Dex: 14

rFire   + + .      SeeInvis .   z - +1 long sword of the Hundredfold Stars {vorpal, MP+9 Int+9 Stlth-}
rCold   x . .      Faith    .   a - +2 buckler {AC+3}
rNeg    . . .      Spirit   .   m - +3 leather armour
rPois   ∞          Reflect  .   r - +1 helmet
rElec   .          Harm     .   v - +0 cloak
rCorr   .          Rampage  .   (no gloves)
Will    +....                   (boots unavailable)
Stlth   +.........              (no amulet)
HPRegen 0.20/turn               (no ring)
MPRegen 0.00/turn               (no ring)

@: ice-armoured, freezing walls, flying
A: sickness immunity, fire resistance 2, cold vulnerability 1, float, innate
caster, HP casting, extra vitality 1
a: Renounce Religion, Curse Item


You were on level 8 of the Dungeon.
You worshipped Ashenzari.
Ashenzari was noncommittal.
You visited 2 branches of the dungeon, and saw 8 of its levels.

You collected 325 gold pieces.
You spent 150 gold pieces at shops.

Inventory:

Hand Weapons
 z - the +1 long sword of the Hundredfold Stars (weapon) {vorpal, MP+9 Int+9 Stlth-}
   (You found it on level 6 of the Dungeon)

   It inflicts extra damage upon your enemies.
   Int:       It affects your intelligence (+9).
   MP:        It affects your magic capacity (+9).
   Stlth:     It makes you less stealthy.
Missiles
 j - 18 poisoned darts
 A - 3 curare-tipped darts
Armour
 a - a +2 buckler of protection (worn)
 d - a +1 leather armour of willpower
 m - a +3 leather armour (worn)
 r - a +1 helmet (worn)
 v - a +0 cloak (worn)
 x - a +0 kite shield
Wands
 q - a wand of polymorph (7)
Scrolls
 e - 4 scrolls of identify
 g - 2 scrolls of vulnerability {unknown}
 h - 3 scrolls of teleportation
 i - a scroll of blinking {unknown}
 k - 2 scrolls of enchant weapon {unknown}
 l - 2 scrolls of fear {unknown}
 n - 2 scrolls of poison {unknown}
 p - a scroll of amnesia {unknown}
 w - a scroll of brand weapon {unknown}
 y - a scroll of noise {unknown}
Potions
 b - 3 potions of invisibility
 c - 2 potions of curing
 f - a potion of haste
 o - a potion of attraction
 s - a potion of mutation
 t - a potion of heal wounds
 u - a potion of resistance
 B - a potion of degeneration {unknown}


   Skills:
 - Level 2.1 Dodging
 - Level 4.0 Stealth
 + Level 5.5 Shields
 * Level 10.1 Spellcasting


You had 9 spell levels left.
You knew the following spells:

 Your Spells              Type           Power      Damage    Failure   Level
a - Freeze                Ice            100%       1d11      1%          1
b - Frozen Ramparts       Ice            100%       1d16      1%          3
c - Ozocubu's Armour      Ice            66%        N/A       1%          3
d - Hailstorm             Conj/Ice       66%        3d14      1%          4
e - Magic Dart            Conj           100%       1d8       1%          1
f - Ensorcelled Hibernat  Hex/Ice        100%       N/A       1%          2
g - Static Discharge      Conj/Air       66%        3-12/arc  1%          2
h - Fulminant Prism       Conj/Hex       33%        3d16      1%          4
Your spell library was empty.

Dungeon Overview and Level Annotations

Branches:
Dungeon (8/15)             Temple (1/1) D:5
   Lair: D:8-11

Altars:
Ashenzari
Hepliaklqana
Makhleb
Nemelex Xobeh
Okawaru
Ru
Xom
Yredelemnul

Shops:
D:6 :[[


Innate Abilities, Weirdness & Mutations

You are immune to sickness and miasma.
You are immune to poison.
Your flesh is very heat resistant. (rF++)
You are vulnerable to cold. (rC-)
You float through the air rather than walking.
You learn spells naturally, not from books.
Your magical power is your life essence.
You have superior vitality. (+4 MHP)


Message History

You freeze the orc priest!
The orc priest is severely wounded.
You block the orc priest's attack.
You slash the orc priest!
You kill the orc priest!
You start resting.
You hear the steady creaking of a portcullis nearby.
You reach down and open the door. 3 howler monkeys and an acid dragon come into view.
The howler monkey howls! x3
The howler monkey moves out of view. x2
As you close the door, it creaks loudly!
You hear a roar!
You start resting.
A howler monkey opens the door.
You reach down and close the door.
A howler monkey opens the door.
Casting: Freeze (safe; 1% risk of failure)
Confirm with . or Enter, or press ? or * to list all spells.
Casting: Frozen Ramparts (safe; 1% risk of failure)
Press: ? - help, Dir - look around, f - activate The walls around you are covered in ice.
The wall freezes the howler monkey!
The wall freezes the howler monkey.
The howler monkey hoots and howls with incredible vigour!
You hear a howl!
You hear an angry hiss.
You hear a loud, deep croak!
Casting: Frozen Ramparts (safe; 1% risk of failure)
Confirm with . or Enter, or press ? or * to list all spells.
A film of ice covers your body!
The wall freezes the howler monkey!
You kill the howler monkey!
The wall freezes the howler monkey.
The wall freezes the acid dragon but does no damage.
The wall freezes the howler monkey!
You closely miss the howler monkey.
The howler monkey is almost dead.
The wall freezes the acid dragon.
The wall freezes the howler monkey but does no damage.
The wall freezes the howler monkey.
The wall freezes the acid dragon but does no damage.
The acid dragon spits acid at you. The splash of acid hits you!!
You die... ..........# #....~....# ......... ....... .....
Dh.

###'## #.h@.#
#....# +....#
.... #....#
...... #....#
....).. #....#
.....#######)...#
#...........)...#
#......<......##


You could see an acid dragon (catching breath) and 2 howler monkeys.

Vanquished Creatures
  Prince Ribbit (D:8)
  Menkaure (D:7)
  2 wargs (D:8)
  A water moccasin (D:7)
  An orc warrior (D:7)
  A sky beast (D:6)
  An ogre (D:5)
  3 bullfrogs
  6 scorpions
  2 necrophages
  12 wights
  8 killer bees (D:7)
  3 electric eels
  2 howler monkeys
  2 hounds
  A jelly (D:5)
  9 orc priests
  Crazy Yiuf (D:5)
  Ijyb (D:4)
  5 iguanas
  6 orc wizards
  Robin (D:4)
  3 adders
  A white imp (D:6)
  3 ufetubi
  2 dart slugs
  29 orcs
  3 bats
  11 endoplasms
  A giant cockroach (D:4)
  15 goblins
  10 hobgoblins
  2 jackals (D:4)
  2 quokkas (D:1)
  8 ball pythons
  4 frilled lizards
  4 kobolds
  2 rats
170 creatures vanquished.

Vanquished Creatures (others)
  2 fulminant prisms
  A plant (D:8)
3 creatures vanquished.

Grand Total: 173 creatures vanquished

Notes
Turn   | Place    | Note
-------+----------+-------------------------------------------
     0 | D:1      | LustLizard the Djinni Ice Elementalist began the quest for
                  | the Orb.
     0 | D:1      | LustLizard set off with the following spells memorised:
                  | Freeze, Frozen Ramparts, Ozocubu's Armour, Hailstorm.
     0 | D:1      | Reached XP level 1. HP: 15/15 MP: 0/0
   409 | D:1      | Reached XP level 2. HP: 20/21 MP: 0/0
  1102 | D:1      | Reached XP level 3. HP: 22/25 MP: 0/0
  1102 | D:1      | Learned a level 1 spell: Magic Dart
  1920 | D:2      | Reached skill level 4 in Spellcasting
  1920 | D:2      | Reached XP level 4. HP: 27/31 MP: 0/0
  2096 | D:2      | You are sucked into a shaft and drop 2 floors!
  2214 | D:4      | Noticed Ijyb
  2262 | D:4      | Killed Ijyb
  2263 | D:4      | Reached XP level 5. HP: 20/35 MP: 0/0
  2263 | D:4      | Learned a level 2 spell: Ensorcelled Hibernation
  2506 | D:4      | Reached XP level 6. HP: 17/40 MP: 0/0
  2770 | D:4      | Noticed Robin
  2790 | D:4      | Killed Robin
  2946 | D:4      | Reached skill level 5 in Spellcasting
  3717 | D:5      | Entered Level 5 of the Dungeon
  3860 | D:5      | Reached XP level 7. HP: 38/45 MP: 0/0
  3860 | D:5      | Learned a level 2 spell: Static Discharge
  4114 | D:5      | Reached skill level 6 in Spellcasting
  4219 | D:5      | Reached XP level 8. HP: 39/50 MP: 0/0
  4821 | D:5      | Found a staircase to the Ecumenical Temple.
  4837 | Temple   | Entered the Ecumenical Temple
  4844 | Temple   | Became a worshipper of Ashenzari the Shackled
  4938 | D:5      | Found a runed translucent door.
  4939 | D:5      | Noticed Crazy Yiuf
  4946 | D:5      | Killed Crazy Yiuf
  5149 | D:6      | Found Beumn's Armour Shoppe.
  5249 | D:6      | Found Yxewkint's Antique Armour Emporium.
  5253 | D:6      | Reached skill level 7 in Spellcasting
  5281 | D:6      | Found Inwy's Book Shoppe.
  5708 | D:6      | Identified the +1 long sword of the Hundredfold Stars
                  | {vorpal, MP+9 Int+9 Stlth-}
  5995 | D:6      | Bought a glowing buckler for 150 gold pieces
  6033 | D:7      | Reached skill level 8 in Spellcasting
  6055 | D:7      | Reached XP level 9. HP: 49/55 MP: 0/0
  6055 | D:7      | Learned a level 4 spell: Fulminant Prism
  6057 | D:7      | Reached skill level 1 in Shields
  6432 | D:7      | Found a sacrificial altar of Ru.
  6578 | D:7      | Noticed Menkaure
  6585 | D:7      | Killed Menkaure
  6772 | D:6      | HP: 2/55 [wight/+2 falchion (4)]
  7602 | D:7      | Reached skill level 9 in Spellcasting
  8415 | D:7      | Reached XP level 10. HP: 55/60 MP: 0/0
  8664 | D:7      | Found a shimmering altar of Xom.
  8666 | D:7      | Found an iron altar of Okawaru.
  9140 | D:8      | Noticed Prince Ribbit
  9152 | D:8      | Killed Prince Ribbit
  9153 | D:8      | Reached skill level 5 in Shields
  9156 | D:8      | Reached skill level 10 in Spellcasting
  9236 | D:8      | Killed from afar by an acid dragon

Illustrated notes

Levels and vault maps discovered:
D:1:      minmay_arrival_radiant_lines, layout_loops_ring
D:2:      layout_basic, chequers_serial_rivers_large_a
D:4:      kennysheep_goblin_castle, layout_basic, uniq_robin
D:5:      nicolae_cairo_tiling_large, layout_loops_cross, temple_fountains,
          serial_glass, glass_columns_a, glass_columns_c,
          uniq_crazy_yiuf_cottage
D:6:      layout_cave_pools, corexii_item_surrounded_by_moat,
          minmay_misc_feat_x, nicolae_wooded_promenade, minmay_misc_feat_square,
          item_on_display_a
D:7:      layout_basic, nicolae_ru_great_annihilating_truth,
          nicolae_overflow_squiral, nicolae_concentric_dashed_squares_mild,
          uniq_menkaure
D:8:      layout_basic, mainiacjoe_overflow_chevrons, erik_lair_orcish_takeover,
          enter_bailey_3, uniq_prince_ribbit1
Temple:   hc_temple_tempest_star

Skill      XL: |  1  2  3  4  5  6  7  8  9 10 |
---------------+-------------------------------+-----
Stealth        | 2 3 4 |  4.0
Spellcasting   | 4 5 6 8 9 10 | 10.1
Shields        | 4 5 |  5.5
Dodging        | |  2.1

Action                   |  1- 3 |  4- 6 |  7- 9 | 10-12 || total
-------------------------+-------+-------+-------+-------++-------
Melee: Hand axe          |    13 |       |       |       ||    13
       Short sword       |    13 |    62 |    32 |       ||   107
       Punch             |     1 |       |     1 |       ||     2
       Long sword        |       |       |   113 |    26 ||   139
 Cast: Freeze            |    39 |    14 |    21 |     1 ||    75
       Magic Dart        |     2 |    26 |    80 |    22 ||   130
       Ozocubu's Armour  |       |     6 |    12 |     3 ||    21
       Frozen Ramparts   |       |     5 |    22 |     4 ||    31
       Fulminant Prism   |       |       |     1 |     1 ||     2
  Use: Scroll            |     1 |     7 |     1 |       ||     9
       Potion            |       |       |     1 |       ||     1
 Stab: Sleeping          |     5 |     3 |     2 |       ||    10
       Distracted        |     1 |       |       |       ||     1
       Paralysed         |       |       |     1 |       ||     1
Armor: Robe              |     4 |       |       |       ||     4
       Leather armour    |     6 |    35 |    62 |    12 ||   115
Dodge: Dodged            |    24 |    44 |    90 |    16 ||   174
Block: Buckler           |       |       |    35 |    12 ||    47
